 Dungeon Crawl Stone Soup version 0.31-a0-876-gfe8ebadbca (webtiles) character file.

Game seed: 6602874464950316435

587 Gladio the Ruffian (level 7, -7/36 HPs)
             Began as a Vine Stalker Shapeshifter on Oct 14, 2023.
             Was a Priest of Sif Muna.
             Killed by nerve-wracking pain
             ... invoked by a shadow imp
              (11 damage)
             ... on level 5 of the Dungeon.
             The game lasted 00:07:06 (3923 turns).

Gladio the Ruffian (Vine Stalker Shapeshifter)      Turns: 3923, Time: 00:07:09

Health: -7/36      AC:  8    Str: 19    XL:     7   Next: 38%
Magic:  0/8        EV:  8    Int: 10    God:    Sif Muna [***...]
Gold:   199        SH:  0    Dex: 13    Spells: 6/6 levels left

rFire   . .          .
                       - Unarmed
rCold   . . .        (no shield)
rNeg    . . .        l - +0 chain mail
rPois   .            (helmet currently unavailable)
rElec   .            (cloak currently unavailable)
rCorr   .            (gloves currently unavailable)
SInv    .            (boots currently unavailable)
Will    .....        (no amulet) Stlth
                     (no ring)
HPRegen 1.06/turn    (no ring)
MPRegen 0.11/turn

%: guardian spirit
@: lethally poisoned (-7 -> -7), beast-form
A: beast (slay +2), fangs 2, regeneration 1, magic shield, antimagic bite, no
potion heal 2
a: Begin Untransformation, Renounce Religion, Channel Magic, Forget Spell


You were on level 5 of the Dungeon.
You worshipped Sif Muna.
Sif Muna was most pleased with you.
You were a hulking beast.
You visited 1 branch of the dungeon, and saw 5 of its levels.

You collected 199 gold pieces.

Inventory:

Missiles
 f - 5 javelins
 t - 4 datura-tipped darts
Armour
 a - a +0 animal skin
 j - a +0 pair of boots
 l - a +0 chain mail (worn)
 m - a +0 helmet
 u - a +0 cloak
 w - a scarf of repulsion
Jewellery
 p - a ring of willpower
Talismans
 c - a beast talisman (active)
 d - a flux talisman
Wands
 q - a wand of flame (12)
Scrolls
 e - a scroll of blinking
 h - a scroll of enchant armour {unknown}
 k - 2 scrolls of teleportation
 n - a scroll of noise
 x - a scroll of fear {unknown}
 y - a scroll of enchant weapon {unknown}
 A - a scroll of immolation {unknown}
 B - a scroll of poison {unknown}
Potions
 b - 2 potions of lignification
 g - a potion of berserk rage {unknown}
 i - a potion of degeneration {unknown}
 o - 2 potions of mutation
 r - a potion of heal wounds {unknown}
 s - a potion of enlightenment
 z - a potion of invisibility {unknown}


   Skills:
 + Level 3.1 Fighting
 + Level 3.1 Dodging
 * Level 5.6 Unarmed Combat
 + Level 4.3 Shapeshifting


You had 6 spell levels left.
You didn't know any spells.
Your spell library contained the following spells:

 Spells                   Type           Power      Damage    Failure   Level
 Necrotise                Necr           0%         1d4       98%         1
 Sandblast                Erth           0%         2d4       98%         1
 Passwall                 Tmut/Erth      0%         N/A       99%         2
 Inner Flame              Hex/Fire       0%         N/A       100%        3
 Stone Arrow              Conj/Erth      0%         3d7       100%        3
 Vampiric Draining        Necr           0%         2d6       100%        3
 Brom's Barrelling Bould  Conj/Erth      0%         2d3       100%        4
 Agony                    Necr           0%         N/A       100%        5
 Yara's Violent Unravell  Hex/Tmut       0%         3d3       100%        5
 Enfeeble                 Hex            0%         N/A       100%        7


Dungeon Overview and Level Annotations

Branches:
Dungeon (5/15)
 Temple: D:4-7

Altars:
Sif Muna

Shops:
D:5 *

Annotations:
D:4 2 runed translucent doors, BinkBink's ghost, amateur MiFi


Innate Abilities, Weirdness & Mutations

You are a hulking beast.
Your limbs bulge with bestial killing power. (Slay +2)
You have extremely sharp teeth.
Your natural rate of healing is unusually fast.
When hurt, damage is shared between your health and your magic reserves.
Your bite disrupts and absorbs the magic of your enemies.
Potions cannot restore your health.


Message History

You feel very sick.
A shadow imp comes into view.
Found a stone staircase leading down.
You feel very sick.
The shadow imp shouts, "Give up, thou pox-marked dread-bolted mish-mash!"
The white imp gestures at you. The puff of frost hits you.
You see here a scorpion corpse.
Aiming: Throw Flame
Press: ? - help, Q - select action, (/) - cycle Shift-Dir - straight line, f - white imp
Aim: a white imp (68% to hit)
The puff of flame hits the white imp.
The white imp is burned terribly!
The white imp is moderately wounded.
You feel very sick.
Aiming: Throw Flame
Press: ? - help, Q - select action, (/) - cycle Shift-Dir - straight line, f/p - white imp
Aim: a white imp (moderately wounded, 68% to hit)
The puff of flame hits the white imp.
The white imp is burned terribly!
The white imp is severely wounded.
You feel sick. The shadow imp gestures at you.
You resist with significant effort.
The white imp summons a swarm of flies.
You feel sick. The white imp gestures at you. The puff of frost hits you!
* * * LOW HITPOINT WARNING * * *
You hit the white imp.
The white imp is almost dead.
You feel sick.
The shadow imp shouts, "Give up, thou artless beetle-headed tiddler!"
The white imp gestures at you. The puff of frost hits you.
You punch the white imp!
You kill the white imp!
Sif Muna accepts your kill.
You feel sick. The shadow imp gestures at you. Pain shoots through your body!
You die...

##... .∩. .#
#..#....###.###.# ###
#.........#.#...# #..
..........#'#..# #..
...............# ###..
..............######....
.............###.#..#...
....................#...
#.....h†...............
##.....................
........................
.#..5..........#........
#$..##.................
#...##.......##.........
...# #...######.#.......
.>. ##.## ........
.......


You could see a shadow imp.

Vanquished Creatures
  A black bear (D:4)
  An ogre (D:4)
  A phantom (D:4)
  A scorpion (D:5)
  A sleepcap (D:4)
  A hound (D:4)
  An iguana (D:4)
  An orc wizard (D:4)
  Robin (D:2)
  3 adders
  A white imp (D:5)
  4 worms
  3 dart slugs
  10 orcs
  8 ball pythons
  4 bats
  8 endoplasms
  3 giant cockroaches
  16 goblins
  9 hobgoblins
  5 jackals (D:1)
  5 quokkas
  6 frilled lizards
  11 kobolds
  5 rats
110 creatures vanquished.

Notes
Turn   | Place    | Note
-------+----------+-------------------------------------------
     0 | D:1      | Gladio the Vine Stalker Shapeshifter began the quest for
                  | the Orb.
     0 | D:1      | Reached XP level 1. HP: 9/9 MP: 2/2
    86 | D:1      | Reached skill level 1 in Fighting
   143 | D:1      | Reached XP level 2. HP: 14/14 MP: 3/3
   429 | D:1      | Reached XP level 3. HP: 18/18 MP: 4/4
   436 | D:1      | Found a faded altar of an unknown god.
   465 | D:1      | Prayed at the altar of an unknown god.
   465 | D:1      | Became a worshipper of Sif Muna the Loreminder
   465 | D:1      | Reached * piety under Sif Muna
   555 | D:1      | You fall into a shaft and drop 1 floor!
  1265 | D:2      | Noticed Robin
  1284 | D:2      | Reached ** piety under Sif Muna
  1301 | D:2      | Killed Robin
  1302 | D:2      | Reached XP level 4. HP: 22/22 MP: 5/5
  1796 | D:2      | Reached skill level 4 in Unarmed Combat
  2253 | D:3      | Reached XP level 5. HP: 26/26 MP: 6/6
  2612 | D:3      | Reached *** piety under Sif Muna
  2766 | D:4      | Noticed a black bear
  2779 | D:4      | Killed a black bear
  2780 | D:4      | Reached XP level 6. HP: 6/32 MP: 1/7
  2921 | D:4      | Reached skill level 5 in Unarmed Combat
  3288 | D:4      | Found a runed translucent door.
  3289 | D:4      | Noticed BinkBink's ghost (amateur MiFi)
  3351 | D:4      | Found a runed translucent door.
  3688 | D:4      | Reached XP level 7. HP: 35/35 MP: 8/8
  3844 | D:5      | Entered Level 5 of the Dungeon
  3905 | D:5      | Found Gifinwewko's Assorted Antiques.
  3923 | D:5      | Killed from afar by a shadow imp

Illustrated notes

Levels and vault maps discovered:
D:1:      dpeg_arrival_tiny_f, layout_basic, shapermc_ecumenical_altar_gd,
          minmay_pentomino_z2
D:2:      layout_loops_corners, serial_forest, infiniplex_forest_lined_room_3,
          infiniplex_forest_pool, infiniplex_forest_clump_diagonal,
          infiniplex_forest_straight_4, infiniplex_forest_lined_2,
          infiniplex_forest_lined_2, infiniplex_forest_lined_2,
          infiniplex_forest_zigzag_2, uniq_robin
D:3:      layout_rooms, hangedman_decor_push, minivault_27
D:4:      minmay_angry_zag, layout_loops_corners, ebering_ghost_sewer_f,
          minivault_27
D:5:      layout_cave_pools, tgw_kikubaaqudgha, kennysheep_mini, serial_shops,
          nicolae_shop_hallway_plus, minmay_statues_item, minmay_diced_spiral

Skill      XL: |  1  2  3  4  5  6  7 |
---------------+----------------------+-----
Fighting       | 1 2 3 |  3.1
Dodging        | 2 3 |  3.1
Unarmed Combat | 4 5 |  5.6
Shapeshifting  | 4 |  4.3

Action                     |  1- 3 |  4- 6 |  7- 9 || total
---------------------------+-------+-------+-------++-------
  Melee: Unarmed           |   100 |   158 |    22 ||   280
         Bite              |    21 |    40 |    12 ||    73
         Punch             |     2 |     3 |       ||     5
  Evoke: Wand              |       |       |     2 ||     2
    Use: Scroll            |       |     3 |     2 ||     5
   Stab: Sleeping          |     2 |       |       ||     2
 Armour: Animal skin       |    31 |       |       ||    31
         Chain mail        |    20 |   109 |    17 ||   146
  Dodge: Dodged            |    58 |    58 |     5 ||   121

Table legend: (Time is in decaauts)
 A = Elapsed time spent in this place.
 B = Non-inter-level travel time spent in this place.
 C = Inter-level travel time spent in this place.
 D = Time resting spent in this place.
 E = Time spent auto-exploring this place.
 F = Levels seen in this place.
 G = Mean time per level.
                   A        B        C        D        E       F      G
               +--------+--------+--------+--------+--------+-----+--------+
         Total |   3902 |   3664 |    238 |      0 |   3052 |   5 |  780.4 |
       Dungeon |   3902 |   3664 |    238 |      0 |   3052 |   5 |  780.4 |
               +--------+--------+--------+--------+--------+-----+--------+

Top non-repeatable levels by time:
     D:1: 1176 daAuts
     D:4: 1152 daAuts
     D:2: 979 daAuts
     D:3: 516 daAuts
     D:5: 77 daAuts
